 Dungeon Crawl Stone Soup version 0.24.1 (webtiles) character file.

Game seed: 8241307573963452700, levelgen mode: deterministic

4 Descartes the Grasshopper (level 1, 0/9 HPs)
             Began as a Felid Warper on Apr 3, 2020.
             Slain by a hobgoblin
             ... wielding a +0 club
              (5 damage)
             ... on level 1 of the Dungeon.
             The game lasted 00:01:16 (367 turns).

Descartes the Grasshopper (Felid Warper)             Turns: 367, Time: 00:01:16

Health: 0/9        AC:  1    Str:  7    XL:     1   Next: 50%
Magic:  4/4        EV: 18    Int: 14    God:
Gold:   10         SH:  0    Dex: 15    Spells: 4/4 levels left
                                        Lives:  0   Deaths: 0

rFire    . . .     SeeInvis +     - Unarmed
rCold    . . .     Gourm    .   (shield unavailable)
rNeg     . . .     Faith    .   (armour unavailable)
rPois    .         Spirit   .   (helmet unavailable)
rElec    .         Reflect  .   (cloak unavailable)
rCorr    .         Harm     .   (gloves unavailable)
MR       .....                  (boots unavailable)
Stlth    ++........             (no amulet)
HPRegen  0.03/turn              (no ring)
MPRegen  0.09/turn              (no ring)

@: quick
A: very small, no armour, no weapons or thrown items, stealth, claws 1, fangs 3,
see invisible, carnivore, speed 1, shaggy fur 1, slow metabolism 1, sharp paws
a: no special abilities


You were on level 1 of the Dungeon.
You were full.

You visited 1 branch of the dungeon, and saw 1 of its levels.

You collected 10 gold pieces.

Inventory:

Scrolls
 a - a scroll of fog {unknown}
 b - a scroll of blinking
 d - a scroll of identify {unknown}
Comestibles
 c - a ration


   Skills:
 - Level 2.0 Fighting
 + Level 3.3 Dodging
 * Level 0.9 Stealth
 + Level 2.0 Unarmed Combat
 + Level 2.0 Spellcasting
   Level 4.4 Translocations


You had 4 spell levels left.
You didn't know any spells.
Your spell library contained the following spells:

 Spells                   Type           Power        Failure   Level  Hunger
 Blink                    Tloc           N/A          6%          2    ###....
 Gell's Gravitas          Tloc           ##........   12%         3    ####...
 Lesser Beckoning         Tloc           ##........   12%         3    ####...
 Teleport Other           Tloc           ##......     12%         3    ####...
 Shroud of Golubria       Chrm/Tloc      #.....       14%         2    ###....
 Passage of Golubria      Tloc           N/A          36%         4    #####..


Dungeon Overview and Level Annotations

Branches:
Dungeon (1/15)

Altars:


Innate Abilities, Weirdness & Mutations

You cannot wear armour.
You are incapable of wielding weapons or throwing items.
Your paws allow you to move quietly. (Stealth)
You have sharp claws.
You have razor-sharp teeth.
You have supernaturally acute eyesight. (SInv)
You are carnivorous and can eat meat at any time.
You cover ground quickly.
You are covered in fur. (AC +1)
You have a slow metabolism.
Your sharp claws are effective at attacking unaware monsters.


Message History

The hobgoblin shouts!
You scratch the hobgoblin.
The hobgoblin is moderately wounded.
The hobgoblin completely misses you.
You scratch the hobgoblin.
The hobgoblin is heavily wounded.
The hobgoblin misses you.
You scratch the hobgoblin but do no damage.
The hobgoblin is heavily wounded.
The hobgoblin barely misses you.
You barely miss the hobgoblin.
The hobgoblin is heavily wounded.
The hobgoblin hits you with a +0 club.
You barely miss the hobgoblin.
The hobgoblin is heavily wounded.
You closely miss the hobgoblin.
The hobgoblin is heavily wounded.
The hobgoblin hits you with a +0 club.
Ouch! That really hurt!
You die...

######.....########
##.#.#.#...# ≈≈
..........#.# ..#
###.#.#.#[..# #.#
#.....##.## #.#
###.####.# #.# #g#
#.#
#.##########.####.#
#.....g.......g@..#
#..#########.######
##..# #.# ....# #.#
##.##########.#
#..).........#
##############


You could see a hobgoblin.

Vanquished Creatures
  A giant cockroach (D:1)
  A hobgoblin (D:1)
  2 rats (D:1)
4 creatures vanquished.

Notes
Turn   | Place    | Note
-------+----------+-------------------------------------------
     0 | D:1      | Descartes the Felid Warper began the quest for the Orb.
     0 | D:1      | Reached XP level 1. HP: 9/9 MP: 4/4
   367 | D:1      | Slain by a hobgoblin

Levels and vault maps discovered:
D:1:      dpeg_arrival_shelter, layout_loops_ring, serial_rivers,
          chequers_serial_rivers_micro_b, chequers_serial_rivers_micro_c,
          chequers_serial_rivers_micro_a, chequers_serial_rivers_large_a,
          chequers_serial_rivers_small_b, minmay_box_of_dots

Action                   || total
-------------------------++-------
Melee: Unarmed           ||    23
       Bite              ||     1
 Stab: Sleeping          ||     2
  Eat: Chunk             ||     2
Armor: Skin              ||     1
Dodge: Dodged            ||    12
